Map: [ESL] Inside and Out

Players

Scarlett

  • Race: Zerg Zerg
  • Spawn Location: 7:00

Neeb - Winner!

  • Race: Protoss Protoss
  • Spawn Location: 1:00

Event: DreamHack SC2 Masters 2022 Atlanta (Online)

VOD

Have the link to the VOD?

Description

Time

  • Played on: Oct. 12, 2022, 3:22 p.m.
  • Length: 18:30

All games in this series

Show
View Real Time Build Order
Export as new Build Order

Scarlett Zerg 

Build Orders: Hatch First, Lurkers 

Get SALT Encoding   

  12  0:00  Drone  
  13  0:12  Overlord  
  13  0:16  Drone  
  14  0:30  Drone x2  
  16  0:46  Drone  
  16  0:47  Drone  
  18  0:54  Hatchery  
  18  0:57  Drone  
  18  1:01  Extractor  
  17  1:12  Spawning Pool  
  17  1:15  Drone  
  17  1:19  Drone  
  18  1:29  Drone  
  19  1:40  Overlord  
  19  1:51  Drone  
  20  1:59  Queen  
  20  2:00  Zergling x2  
  23  2:04  Metabolic Boost  
  23  2:06  Queen  
  23  2:08  Drone  
  26  2:12  Drone  
  27  2:17  Drone  
  27  2:22  Drone  
  29  2:28  Drone  
  30  2:32  Zergling x2  
  31  2:42  Queen  
  33  2:46  Hatchery  
  32  2:52  Drone x2  
  32  2:53  Overlord  
  34  3:00  Drone x2  
  36  3:05  Overlord  
  36  3:10  Queen  
  36  3:12  Drone x2  
  40  3:16  Drone x2  
  40  3:18  Drone  
  43  3:22  Drone  
  43  3:25  Drone  
  43  3:26  Drone x2  
  47  3:31  Queen  
  49  3:44  Zergling x6, Overlord  
  52  3:48  Overlord  
  52  3:50  Overlord  
  52  3:55  Roach Warren  
  51  3:59  Overlord  
  51  4:01  Spore Crawler  
  49  4:04  Queen  
  49  4:05  Spore Crawler  
  49  4:08  Zergling x4  
  52  4:18  Drone x6  
  52  4:22  Drone  
  52  4:23  Drone  
  60  4:30  Drone x4  
  62  4:37  Drone x4  
  66  4:42  Roach x2  
  70  4:48  Roach  
  70  4:49  Extractor  
  70  4:51  Roach x3  
  79  4:53  Roach  
  79  4:54  Roach  
  79  4:57  Roach  
  83  5:01  Zergling x4, Roach  
  87  5:07  Roach  
  87  5:08  Zergling x2  
  84  5:15  Zergling x6  
  83  5:22  Drone  
  83  5:27  Drone  
  83  5:28  Drone x5  
  87  5:31  Extractor x2  
  87  5:32  Drone  
  87  5:33  Drone x3  
  87  5:35  Drone  
  84  5:39  Drone  
  85  5:44  Drone, Overlord  
  85  5:46  Drone  
  87  5:52  Hatchery  
  87  5:54  Drone x2  
  88  5:58  Drone x2  
  88  6:00  Overlord  
  90  6:05  Lair, Drone  
  90  6:06  Drone  
  90  6:09  Drone  
  93  6:12  Drone  
  94  6:20  Queen  
  94  6:21  Queen, Drone x2  
  100  6:25  Evolution Chamber  
  100  6:26  Extractor  
  100  6:29  Drone x8  
  106  6:36  Extractor  
  105  6:43  Drone  
  105  6:44  Overlord x2  
  105  6:45  Overlord  
  105  6:53  Zerg Missile Weapons Level 1  
  104  6:58  Overlord x5  
  104  7:05  Roach  
  104  7:06  Zergling x4, Roach x5  
  118  7:13  Glial Reconstitution  
  118  7:17  Hydralisk Den, Roach x6  
  118  7:18  Infestation Pit  
  118  7:20  Zergling x4  
  118  7:21  Ravager x3  
  133  7:23  Zergling x6  
  133  7:27  Zergling x8  
  133  7:28  Ravager  
  141  7:31  Overlord  
  141  7:37  Drone  
  141  7:41  Zergling x6, Ravager  
  146  7:44  Zergling x8  
  146  7:48  Zergling x4  
  151  7:53  Zergling x10  
  151  7:54  Zergling x2  
  146  8:03  Zergling x2  
  146  8:04  Zergling x8  
  115  8:13  Zergling x12  
  115  8:16  Hive  
  115  8:19  Zergling x8  
  111  8:20  Lurker Den  
  111  8:24  Zergling x10  
  109  8:31  Roach x2  
  111  8:37  Overseer  
  111  8:38  Roach x2  
  111  8:39  Overseer  
  117  8:41  Roach x4  
  123  8:51  Zerg Missile Weapons Level 2  
  123  8:56  Hatchery  
  123  8:58  Drone  
  123  8:59  Drone x10  
  133  9:13  Drone  
  134  9:18  Extractor x2  
  134  9:20  Drone x3  
  134  9:22  Drone x3  
  138  9:25  Drone  
  138  9:26  Overlord x2  
  138  9:28  Seismic Spines, Viper x2  
  138  9:29  Hydralisk x4  
  153  9:33  Hydralisk x5  
  163  9:44  Drone x2  
  163  9:45  Drone x3, Spine Crawler  
  167  9:46  Spine Crawler x2  
  167  9:50  Evolution Chamber  
  164  9:55  Hatchery  
  164  9:56  Pneumatized Carapace  
  163  10:01  Lurker x5  
  163  10:02  Lurker x2  
  170  10:13  Drone x4  
  174  10:16  Zergling x4, Lurker x2  
  174  10:20  Spine Crawler x2  
  176  10:21  Spine Crawler  
  176  10:22  Spore Crawler  
  164  10:44  Roach x5  
  174  10:51  Drone  
  174  10:52  Drone x13  
  174  10:54  Spore Crawler  
  187  11:01  Zerg Melee Weapons Level 1  
  187  11:02  Hydralisk  
  187  11:03  Hydralisk x5  
  195  11:21  Spine Crawler x2  
  195  11:22  Extractor  
  195  11:23  Zerg Missile Weapons Level 3  
  192  11:31  Lurker  
  192  11:37  Adaptive Talons  
  178  11:44  Roach x11  
  178  11:45  Roach x4  
  199  11:51  Lurker  
  199  11:52  Lurker x4  
  198  11:54  Hatchery  
  197  12:06  Overseer  
  197  12:08  Extractor  
  196  12:10  Extractor  
  196  12:11  Spore Crawler  
  196  12:12  Spine Crawler x2  
  196  12:13  Spore Crawler, Spine Crawler  
  190  12:22  Zergling x20  
  200  12:24  Spire, Adrenal Glands  
  195  12:32  Hydralisk x7  
  186  12:38  Hydralisk x6  
  186  12:39  Zergling x8  
  197  13:00  Lurker x3  
  186  13:06  Lurker x5  
  191  13:13  Extractor  
  174  13:30  Spine Crawler  
  161  13:35  Hydralisk  
  161  13:36  Zergling x28, Spore Crawler  
  161  13:41  Greater Spire  
  174  13:47  Overseer  
  167  13:57  Hatchery  
  163  14:06  Hydralisk x8  
  163  14:07  Hydralisk x4  
  176  14:11  Zergling x10  
  176  14:15  Corruptor  
  174  14:18  Zerg Melee Weapons Level 2  
  174  14:19  Zerg Ground Armor Level 1  
  174  14:23  Drone x6  
  180  14:31  Corruptor x3  
  180  14:35  Spine Crawler  
  180  14:36  Drone x3, Extractor  
  180  14:38  Spore Crawler  
  183  14:39  Extractor  
  182  14:51  Corruptor  
  182  14:52  Corruptor x2  
  178  15:03  Corruptor x2  
  182  15:14  Corruptor x3  
  174  15:32  Corruptor x4  
  174  15:35  Zerg Flyer Armor Level 1  
  147  15:46  Overseer x3  
  147  15:48  Drone x3  
  143  15:55  Overseer  
  124  15:58  Drone x3  
  124  16:01  Hydralisk x3  
  133  16:04  Lurker  
  133  16:05  Lurker  
  135  16:25  Corruptor x2  
  137  16:26  Lurker  
  137  16:27  Lurker x4  
  137  16:30  Roach x2  
  140  16:35  Hydralisk  
  140  16:37  Hydralisk  
  140  16:38  Hydralisk x2  
  144  16:50  Overseer  
  138  16:55  Hydralisk x2  
  138  16:57  Hydralisk x3  
  130  17:02  Roach x3  
  130  17:08  Lurker x4  
  137  17:14  Roach x3  
  139  17:24  Roach x4  
  139  17:26  Lurker  
  148  17:31  Lurker  
  148  17:32  Lurker x2  
  151  17:39  Lurker, Drone x3  
  151  17:40  Drone  
  154  17:59  Drone  
  154  18:00  Drone x2  
Show
View Real Time Build Order
Export as new Build Order

Neeb Protoss - Winner!

Build Orders: 1 Gate Expand, Carriers, Mass Adepts 

Get SALT Encoding   

  12  0:00  Probe  
  13  0:12  Probe  
  14  0:18  Pylon  
  14  0:24  Probe (Chrono Boost)  
  15  0:36  Probe (Chrono Boost)  
  15  0:40  Gateway  
  16  0:45  Probe (Chrono Boost)  
  17  0:50  Assimilator  
  17  0:51  Probe  
  18  1:03  Probe  
  19  1:15  Probe  
  20  1:25  Nexus  
  20  1:34  Cybernetics Core  
  20  1:37  Probe  
  21  1:43  Assimilator  
  21  1:49  Probe  
  21  1:52  Pylon  
  22  2:01  Probe (Chrono Boost)  
  22  2:08  Warp Gate (Chrono Boost)  
  23  2:10  Adept  
  23  2:11  Probe (Chrono Boost)  
  26  2:16  Probe (Chrono Boost)  
  27  2:24  Pylon  
  27  2:28  Probe (Chrono Boost)  
  29  2:38  Probe (Chrono Boost)  
  29  2:39  Probe (Chrono Boost)  
  29  2:40  Stalker  
  33  2:46  Probe (Chrono Boost)  
  33  2:47  Probe (Chrono Boost)  
  33  2:49  Gateway  
  34  2:51  Gateway  
  34  2:52  Probe  
  34  2:56  Probe  
  36  3:03  Twilight Council  
  36  3:05  Probe  
  36  3:09  Probe  
  36  3:10  Adept  
  40  3:18  Probe  
  40  3:19  Pylon  
  41  3:21  Probe  
  42  3:30  Probe  
  42  3:33  Probe  
  44  3:42  Probe  
  44  3:45  Pylon  
  45  3:49  Resonating Glaives (Chrono Boost)  
  45  3:50  Adept x3  
  45  3:51  Nexus  
  51  3:59  Probe  
  51  4:00  Probe  
  52  4:10  Adept x2  
  52  4:12  Adept  
  52  4:14  Probe  
  52  4:16  Probe  
  60  4:20  Pylon  
  60  4:26  Probe  
  60  4:28  Probe  
  60  4:30  Assimilator  
  62  4:35  Assimilator  
  62  4:38  Adept  
  62  4:39  Adept x2  
  62  4:40  Probe  
  62  4:45  Probe  
  70  4:48  Shield Battery  
  70  4:52  Pylon  
  70  4:58  Forge  
  70  5:01  Pylon  
  70  5:04  Sentry x3, Probe (Chrono Boost)  
  79  5:08  Probe x2 (Chrono Boost)  
  76  5:14  Probe (Chrono Boost)  
  76  5:17  Probe x2 (Chrono Boost)  
  76  5:19  Probe (Chrono Boost)  
  73  5:22  Robotics Facility  
  73  5:27  Probe x2  
  71  5:31  Probe  
  71  5:35  Stalker x3  
  76  5:39  Probe  
  76  5:40  Probe  
  76  5:41  Protoss Ground Weapons Level 1 (Chrono Boost)  
  78  5:45  Probe, Blink, Pylon  
  78  5:49  Gateway  
  79  5:50  Gateway  
  79  5:51  Probe  
  79  5:52  Gateway  
  80  6:01  Probe x2  
  80  6:03  Probe  
  83  6:05  Gateway  
  83  6:07  Gateway  
  83  6:11  Observer (Chrono Boost)  
  84  6:20  Nexus, Probe  
  84  6:21  Pylon  
  84  6:22  Assimilator  
  84  6:24  Pylon  
  85  6:29  Immortal (Chrono Boost)  
  89  6:38  Stalker x3  
  95  6:46  Stalker  
  96  6:50  Stalker  
  96  6:54  Stalker  
  100  6:57  Pylon  
  100  6:59  Warp Prism (Chrono Boost)  
  100  7:01  Stalker x3  
  108  7:10  Stalker x3  
  114  7:17  Pylon  
  114  7:26  Stalker x5  
  124  7:31  Pylon  
  124  7:32  Pylon  
  124  7:48  Stalker x3  
  122  8:01  Stalker x5  
  122  8:05  Stalker x5  
  114  8:06  Warp Prism (Chrono Boost)  
  104  8:22  Probe  
  104  8:24  Observer, Stalker x3  
  109  8:30  Observer  
  109  8:32  Protoss Ground Weapons Level 2 (Chrono Boost), Stalker x5  
  119  8:42  Probe x2  
  119  8:43  Probe x2  
  123  8:54  Probe  
  123  8:55  Probe x2  
  126  8:59  Probe  
  126  9:00  Shield Battery  
  126  9:01  Shield Battery, Adept  
  126  9:02  Adept  
  130  9:03  Sentry x3  
  130  9:04  Sentry  
  130  9:05  Immortal (Chrono Boost)  
  130  9:06  Probe  
  130  9:07  Probe  
  130  9:09  Assimilator  
  144  9:10  Probe, Assimilator  
  144  9:14  Pylon  
  145  9:19  Probe  
  144  9:24  Probe  
  144  9:25  Probe  
  144  9:26  Probe  
  144  9:28  Assimilator  
  144  9:30  Immortal (Chrono Boost)  
  147  9:31  Probe  
  147  9:37  Robotics Facility, Robotics Bay  
  147  9:38  Probe  
  153  9:45  Charge  
  153  9:52  Photon Cannon  
  153  9:54  Templar Archives  
  153  9:55  Photon Cannon  
  153  9:57  Observer (Chrono Boost)  
  154  10:08  Zealot x6  
  154  10:09  Zealot x2  
  170  10:15  Gateway x2  
  170  10:18  Psionic Storm  
  170  10:19  Observer (Chrono Boost)  
  170  10:20  Probe x3  
  174  10:21  Probe  
  169  10:37  Nexus  
  169  10:40  High Templar x5  
  179  10:44  Pylon  
  179  10:45  Pylon  
  179  10:47  Gateway, Pylon  
  179  10:49  Gateway  
  179  10:51  Gateway  
  179  10:52  Gateway  
  179  10:56  Pylon  
  179  10:58  Stargate, Pylon  
  179  11:08  Zealot x3  
  179  11:10  Zealot x2  
  188  11:14  Protoss Ground Weapons Level 3 (Chrono Boost)  
  188  11:19  Photon Cannon  
  188  11:20  Photon Cannon  
  188  11:21  Dark Shrine, Photon Cannon x2  
  188  11:23  Zealot  
  188  11:24  Zealot x4  
  198  11:32  Nexus  
  168  11:50  Archon  
  168  11:51  High Templar  
  168  11:52  High Templar x6  
  172  11:57  Pylon  
  172  11:59  Pylon  
  172  12:03  Zealot x7  
  172  12:05  Immortal  
  190  12:14  Assimilator  
  190  12:16  Assimilator  
  190  12:21  Stargate, Fleet Beacon  
  190  12:22  Stargate  
  190  12:28  Photon Cannon  
  190  12:30  Photon Cannon  
  190  12:31  Nexus  
  190  12:32  Photon Cannon  
  180  12:43  High Templar x4  
  170  12:44  Zealot x6  
  170  12:57  Probe x4  
  170  12:58  Probe  
  165  13:00  Zealot x4  
  165  13:03  Carrier x2 (Chrono Boost)  
  184  13:17  Carrier (Chrono Boost)  
  166  13:32  Protoss Air Weapons Level 1 (Chrono Boost)  
  154  13:40  Zealot x2  
  154  13:41  Zealot x9  
  166  13:42  Zealot x3  
  178  14:02  Zealot x10  
  150  14:19  High Templar x4  
  154  14:25  High Templar x4  
  154  14:26  Zealot, High Templar x2  
  154  14:27  Zealot x2  
  154  14:29  Archon  
  154  14:30  Archon x2  
  172  14:44  Shield Battery, Photon Cannon  
  172  14:45  Pylon  
  172  14:46  Photon Cannon  
  172  14:57  Carrier x3 (Chrono Boost)  
  188  15:07  High Templar x4  
  196  15:14  Archon x2  
  196  15:15  Zealot x2  
  188  15:29  Zealot x6  
  178  15:40  Probe x2  
  161  15:58  Archon x3  
  161  15:59  High Templar  
  161  16:00  High Templar x7  
  161  16:03  Photon Cannon  
  177  16:07  Assimilator  
  177  16:08  Archon  
  177  16:09  Shield Battery, Archon, Photon Cannon  
  177  16:10  Archon x2  
  177  16:11  Photon Cannon  
  177  16:14  Zealot x2  
  177  16:15  Dark Templar  
  177  16:27  Nexus  
  177  16:29  Dark Templar x3  
  183  16:58  Observer  
  183  17:00  Carrier x2 (Chrono Boost)  
  178  17:08  Zealot x5  
  196  17:23  Carrier (Chrono Boost)  
  196  17:26  Photon Cannon  
  196  17:28  Shield Battery, Photon Cannon  
  200  17:31  Pylon  
  200  17:33  Observer  
  198  17:39  Observer  
  191  17:59  Zealot  
Tags
 
Add a new tag
Caveats
  • Supply blocks, unpowered buildings, or Contaminate may cause inaccurate times.
  • Supply counts are checked every 10 seconds.